 Dungeon Crawl Stone Soup version 0.31-a0-986-g5e6e4ef867 (webtiles) character file.

Game seed: 15608465430579712659

480 wildpjah the Slasher (level 7, -1/52 HPs)
             Began as a Merfolk Gladiator on Nov 24, 2023.
             Was an Initiate of Dithmenos.
             Slain by a scorpion (2 damage)
             ... on level 5 of the Dungeon.
             The game lasted 00:07:01 (3649 turns).

wildpjah the Slasher (Merfolk Gladiator)            Turns: 3649, Time: 00:07:02

Health: -1/52      AC:  6    Str: 14    XL:     7   Next: 12%
Magic:  7/7        EV: 14    Int:  8    God:    Dithmenos [......]
Gold:   154        SH:  0    Dex: 17    Spells: 6/6 levels left

rFire   . . .        x - +0 falchion
rCold   + . .        (no shield)
rNeg    . . .        b - +0 leather armour
rPois   .            c - +0 helmet
rElec   .            (no cloak)
rCorr   .            (no gloves)
SInv    .            o - +1 pair of boots
Will    .....        (no amulet)
Stlth   ++           g - ring of protection from cold
HPRegen 0.28/turn    (no ring)
MPRegen 0.10/turn

%: no passive effects
@: brilliant, lethally poisoned (-1 -> -7), attractive
A: (nimble swimmer 2), mertail
a: Renounce Religion


You were on level 5 of the Dungeon.
You worshipped Dithmenos.
Dithmenos was noncommittal.
You visited 2 branches of the dungeon, and saw 6 of its levels.

You collected 154 gold pieces.

Inventory:

Hand Weapons
 a - a +0 long sword
 r - a +0 sling
 x - a +0 falchion (weapon)
Missiles
 d - 3 throwing nets (quivered)
 e - a javelin
Armour
 b - a +0 leather armour (worn)
 c - a +0 helmet (worn)
 i - a +0 chain mail
 o - a +1 pair of boots (worn)
Jewellery
 g - a ring of protection from cold (left hand)
 u - a ring of positive energy
Scrolls
 h - a scroll of teleportation
 k - a scroll of brand weapon
 m - a scroll of enchant armour
 n - a scroll of blinking
 p - a scroll of revelation {unknown}
 s - a scroll of enchant weapon {unknown}
 t - a scroll of summoning
 v - a scroll of vulnerability {unknown}
 w - a scroll of fear {unknown}


   Skills:
 + Level 3.4 Fighting
 + Level 6.2 Long Blades
 + Level 1.7 Ranged Weapons
 + Level 2.1 Throwing
 + Level 1.9 Armour
 + Level 5.6 Dodging
 + Level 1.5 Stealth


You had 6 spell levels left.
You didn't know any spells.
Your spell library contained the following spells:

 Spells                   Type           Power      Damage    Failure   Level
 Sting                    Tmut/Pois      0%         1d3       47%         1
 Blink                    Tloc           0%         N/A       63%         2
 Lesser Beckoning         Tloc           0%         N/A       63%         2
 Momentum Strike          Conj/Tloc      0%         3d8       63%         2
 Poisonous Vapours        Pois/Air       0%         N/A       63%         2
 Wereblood                Tmut           0%         N/A       63%         2
 Ignite Poison            Fire/Tmut/Pois 0%         N/A       85%         3
 Olgreb's Toxic Radiance  Pois           0%         N/A       99%         4
 Yara's Violent Unravell  Hex/Tmut       0%         3d3       100%        5
 Eringya's Noxious Bog    Tmut/Pois      0%         4d6       100%        6


Dungeon Overview and Level Annotations

Branches:
Dungeon (5/15)             Temple (1/1) D:4

Altars:
Ashenzari
Cheibriados
Dithmenos
Elyvilon
Fedhas
Hepliaklqana
Kikubaaqudgha
Makhleb
Nemelex Xobeh
Okawaru
Qazlal
Ru
Sif Muna
Trog
Uskayaw
Vehumet
Wu Jian
Xom
Yredelemnul
The Shining One

Annotations:
D:3 2 runed translucent doors, kd29's ghost, amateur DsSh


Innate Abilities, Weirdness & Mutations

((You are very nimble when in or above water. (Stealth+, EV+, Speed+++)))
Your lower body shifts to a powerful aquatic tail in water.


Message History

The scorpion stings you but does no damage.
The acid dragon bites you!
The acid dragon claws you but does no damage.
The hound closely misses you. The adder closely misses you.
You miss the adder. The hound closely misses you.
The jackal closely misses you. The jackal misses you.
The scorpion barely misses you. The adder bites you.
The acid dragon barely misses you. The acid dragon closely misses you.
The dart slug closely misses you. The jackal barely misses you.
The hound closely misses you. The scorpion stings you.
* * * LOW HITPOINT WARNING * * *
The jackal bites you.
* * * LOW HITPOINT WARNING * * *
You miss the adder. The adder bites you but does no damage.
The acid dragon barely misses you. The acid dragon claws you.
* * * LOW HITPOINT WARNING * * *
The hound barely misses you. The jackal barely misses you.
The jackal misses you.
The dart slug bites you but does no damage.
The adder misses you. The scorpion misses you.
You hit the adder.
The adder is heavily wounded.
The hound misses you. The jackal misses you.
The jackal bites you but does no damage.
The acid dragon bites you but does no damage.
The acid dragon barely misses you. The adder bites you.
* * * LOW HITPOINT WARNING * * *
The scorpion stings you.
* * * LOW HITPOINT WARNING * * *
You are lethally poisoned!
The scorpion poisons you! The hound closely misses you.
The jackal barely misses you. The dart slug barely misses you.
You closely miss the adder. You punch the adder.
The adder is almost dead.
* * * LOW HITPOINT WARNING * * *
You feel very sick. The jackal barely misses you. The adder closely misses you.
The acid dragon barely misses you. The acid dragon misses you.
The hound closely misses you. The scorpion stings you.
You die...

..............(
...:...........
...............
...............
.....$.........
...........>../
......DhS......
.......@hr.....
......shw......
...............
...............
.........?.....
...............
...............
...............


You could see an acid dragon, a scorpion, a hound, an adder, a dart slug, 2
jackals and a rat.

Vanquished Creatures
  A phantom (D:4)
  A scorpion (D:4)
  A gnoll bouda (D:4)
  2 hounds
  A sleepcap (D:4)
  Terence (D:2)
  An orc wizard (D:4)
  5 adders
  5 gnolls
  A shadow imp (D:5)
  2 worms (D:2)
  3 dart slugs
  3 orcs
  4 endoplasms
  5 giant cockroaches
  11 hobgoblins
  6 jackals
  A quokka (D:2)
  6 ball pythons
  3 bats
  3 frilled lizards (D:2)
  4 goblins
  7 kobolds
  7 rats
84 creatures vanquished.

Notes
Turn   | Place    | Note
-------+----------+-------------------------------------------
     0 | D:1      | wildpjah the Merfolk Gladiator began the quest for the Orb.
     0 | D:1      | Reached XP level 1. HP: 16/16 MP: 1/1
   143 | D:1      | Reached XP level 2. HP: 22/22 MP: 2/2
   224 | D:1      | Reached skill level 4 in Long Blades
   408 | D:1      | Reached XP level 3. HP: 28/28 MP: 3/3
   484 | D:2      | Identified the "Feomopp"
   781 | D:2      | Noticed Terence
   793 | D:2      | Killed Terence
   794 | D:2      | Reached XP level 4. HP: 17/34 MP: 4/4
  1251 | D:3      | Reached skill level 5 in Long Blades
  1251 | D:3      | Reached skill level 1 in Armour
  1337 | D:3      | Found a hide-covered altar of Uskayaw.
  1361 | D:3      | Reached skill level 5 in Dodging
  1361 | D:3      | Reached XP level 5. HP: 10/39 MP: 5/5
  1535 | D:3      | Found a runed translucent door.
  1539 | D:3      | Noticed kd29's ghost (amateur DsSh)
  1566 | D:3      | Found a runed translucent door.
  1903 | D:3      | Found a sacrificial altar of Ru.
  2017 | D:4      | Reached skill level 1 in Stealth
  2017 | D:4      | HP: 1/39 [gnoll/+0 whip[a gnoll bouda] (7)]
  2301 | D:4      | Reached XP level 6. HP: 37/46 MP: 6/6
  2451 | D:4      | Reached skill level 6 in Long Blades
  2451 | D:4      | Reached skill level 1 in Ranged Weapons
  2757 | D:4      | Identified the +2 helmet of the Stone Wall {Harm rElec
                  | Dex-5}
  2761 | D:4      | Found a staircase to the Ecumenical Temple.
  2789 | Temple   | Entered the Ecumenical Temple
  2815 | Temple   | Became a worshipper of Dithmenos the Shadowed
  2926 | D:4      | Identified the +1 dagger of Rytig {heavy, rN++ rCorr Dex-3}
  3257 | D:4      | Found a white marble altar of Elyvilon.
  3262 | D:4      | Reached XP level 7. HP: 52/52 MP: 7/7
  3625 | D:5      | Entered Level 5 of the Dungeon
  3649 | D:5      | HP: 1/52 [poisoned by a scorpion]
  3649 | D:5      | Slain by a scorpion

Illustrated notes

Levels and vault maps discovered:
D:1:      minmay_arrival_solitary_statue, layout_basic, minmay_pentomino_u2
D:2:      layout_basic, uniq_terence
D:3:      layout_basic, eat_drink_and_be_merry_uskayaw, lemuel_crystal_altar,
          ebering_ghost_sewer_f
D:4:      layout_basic, marbit_many_paths, minmay_temple_entry_junction
D:5:      layout_basic, nicolae_gozag_zags_fifth_avenue,
          cheibrodos_sewer_entry_drain, minmay_puff
Temple:   bh_familiar_temple

Skill      XL: |  1  2  3  4  5  6 |
---------------+-------------------+-----
Long Blades    | 4 5 6 |  6.2
Armour         | 1 |  1.9
Dodging        | 5 |  5.6
Stealth        | 1 |  1.5
Fighting       | 3 |  3.4
Ranged Weapons | 1 |  1.7
Throwing       | |  2.1

Action                     |  1- 3 |  4- 6 |  7- 9 || total
---------------------------+-------+-------+-------++-------
  Melee: Long sword        |   107 |   129 |       ||   236
         Punch             |     2 |     2 |     1 ||     5
         Falchion          |       |    26 |    24 ||    50
   Fire: Sling             |       |    43 |     9 ||    52
    Use: Scroll            |       |     1 |     5 ||     6
         Potion            |       |       |     3 ||     3
   Stab: Sleeping          |     2 |       |       ||     2
 Armour: Leather armour    |    39 |    81 |    51 ||   171
  Dodge: Dodged            |    84 |   102 |    85 ||   271

Table legend: (Time is in decaauts)
 A = Elapsed time spent in this place.
 B = Non-inter-level travel time spent in this place.
 C = Inter-level travel time spent in this place.
 D = Time resting spent in this place.
 E = Time spent auto-exploring this place.
 F = Levels seen in this place.
 G = Mean time per level.
                   A        B        C        D        E       F      G
               +--------+--------+--------+--------+--------+-----+--------+
         Total |   3692 |   3582 |    110 |    142 |   2746 |   6 |  615.3 |
       Dungeon |   3640 |   3579 |     61 |    142 |   2746 |   5 |  728.0 |
        Temple |     51 |      2 |     49 |      0 |      0 |   1 |   51.0 |
               +--------+--------+--------+--------+--------+-----+--------+

Top non-repeatable levels by time:
     D:4: 1445 daAuts
     D:3: 943 daAuts
     D:2: 735 daAuts
     D:1: 493 daAuts
  Temple: 51 daAuts
     D:5: 23 daAuts
